 Dungeon Crawl Stone Soup version 0.20.1-1-g8b1a95d (webtiles) character file.

69 Timinator the Insei (level 4, -3/35 HPs)
             Began as a Vampire Monk on Sept 22, 2017.
             Slain by Terence
             ... wielding a +1 flail of crushing
              (4 damage)
             ... on level 2 of the Dungeon on Sept 23, 2017.
             The game lasted 00:14:49 (1091 turns).

Timinator the Insei (Vampire Monk)                  Turns: 1091, Time: 00:14:49

Health: -3/35      AC:  2    Str: 10    XL:     4   Next: 2%
Magic:  4/4        EV: 14    Int: 12    God:
Gold:   113        SH:  0    Dex: 17    Spells: 3/3 levels left

rFire    . . .     SeeInvis +     - Unarmed
rCold    . . .     Gourm    .   (no shield)
rNeg     . . .     Faith    .   a - +0 robe
rPois    .         Spirit   .   (no helmet)
rElec    .         Reflect  .   (no cloak)
rCorr    .         Harm     .   (no gloves)
MR       .....                  (no boots)
Stlth    ++........             (no amulet)
Regen    0.4/turn               (no ring)
MPRegen  0.1/turn               (no ring)

@: very slightly contaminated, regenerating quickly, invisible
A: fangs 3, see invisible, unbreathing
a: no special abilities


You were on level 2 of the Dungeon.
You were full.

You visited 1 branch of the dungeon, and saw 2 of its levels.

You collected 113 gold pieces.

Inventory:

Armour
 a - a +0 robe (worn)
Jewellery
 f - an uncursed ring of flight
Scrolls
 c - 2 scrolls of identify
 e - 3 scrolls of teleportation
 h - a scroll of fog {unknown}
 i - a scroll of immolation {unknown}
 m - 2 scrolls of blinking {unknown}
Potions
 b - 8 potions of blood
 j - a potion of brilliance {unknown}
 k - a potion of degeneration
 l - a potion of magic {unknown}


   Skills:
 + Level 3.2 Fighting
 * Level 0.8 Armour
 + Level 3.8 Dodging
 - Level 3.1 Stealth
 + Level 4.2 Unarmed Combat


You had 3 spell levels left.
You didn't know any spells.

Dungeon Overview and Level Annotations

Branches:
Dungeon (2/15)

Altars:
Elyvilon

Annotations:
D:2 Terence


Innate Abilities, Weirdness & Mutations

Your natural rate of healing is unusually fast.
You have razor-sharp teeth.
You have supernaturally acute eyesight. (SInv)
You can survive without breathing.


Message History

You hit the hobgoblin.
The hobgoblin is heavily wounded.
You feel sick.
You are no longer poisoned.
Terence misses you. The hobgoblin barely misses you.
You hit the hobgoblin but do no damage.
The hobgoblin is heavily wounded.
The hobgoblin closely misses you. Terence closely misses you.
You hit the hobgoblin.
You kill the hobgoblin!
You catch the helpless Terence completely off-guard!
You hit Terence. You bite Terence, but do no damage.
Terence is moderately wounded.
Terence misses you.
You strike the helpless Terence from behind!
You hit Terence but do no damage.
Terence is moderately wounded.
Terence hits you with a flail of crushing!
* * * LOW HITPOINT WARNING * * *
You die...

#.##.#......# ###...#
.........### ###..
.#.###....#########... _
#.#...##............. (..
#.#.#.............#..
.....#.#.#.#........#####.
#..†....#......### ##.
.g....##.@)#......# ##..
...#. #..@.#......# #... .
.. #...........#####.#. ##
#..###.........#..#. #..#
##..........##. #.##
.......#...... #.
.######........ #. .#
##...... .. #. ##.#.... .
#..#....


You could see Terence.

Vanquished Creatures
  2 adders (D:2)
  2 oozes (D:1)
  2 leopard geckos (D:1)
  9 bats
  5 giant cockroaches
  2 goblins
  4 hobgoblins
  2 jackals (D:2)
  9 frilled lizards
  3 kobolds
40 creatures vanquished.

Notes
Turn   | Place    | Note
-------+----------+-------------------------------------------
     0 | D:1      | Timinator the Vampire Monk began the quest for the Orb.
     0 | D:1      | Reached XP level 1. HP: 17/17 MP: 1/1
   208 | D:1      | Reached XP level 2. HP: 24/24 MP: 2/2
   511 | D:1      | Reached XP level 3. HP: 29/29 MP: 3/3
   783 | D:2      | Reached skill level 4 in Unarmed Combat
   845 | D:2      | Noticed Terence
   846 | D:2      | Found a white marble altar of Elyvilon.
  1085 | D:2      | Reached XP level 4. HP: 13/35 MP: 4/4
  1091 | D:2      | HP: 1/35 [Terence/flail of crushing (13)]
  1091 | D:2      | Slain by Terence

Skill      XL: |  1  2  3 |
---------------+----------+-----
Fighting       | 3 |  3.2
Unarmed Combat | 4 |  4.2
Armour         | |  0.8
Dodging        | |  3.8
Stealth        | |  3.1

Action                   |  1- 3 |  4- 6 || total
-------------------------+-------+-------++-------
Melee: Unarmed           |   133 |     6 ||   139
       Bite              |    14 |     2 ||    16
       Punch             |     1 |       ||     1
  Use: Scroll            |     3 |       ||     3
       Potion            |     2 |       ||     2
 Stab: Sleeping          |     5 |       ||     5
       Invisible         |     1 |     2 ||     3
  Eat: Corpse            |     7 |       ||     7
Armor: Robe              |    14 |       ||    14
Dodge: Dodged            |    96 |     6 ||   102
